 Dungeon Crawl Stone Soup version 0.17.0-56-gd8de76c (webtiles) character file.

445 gorblad the Shield-Bearer (level 6, -3/48 HPs)
             Began as a Demonspawn Fighter on Dec 5, 2015.
             Killed by divine providence
             ... invoked by an orc priest
              (12 damage)
             ... on level 4 of the Dungeon.
             The game lasted 00:06:58 (2730 turns).

gorblad the Shield-Bearer (Demonspawn Fighter)      Turns: 2730, Time: 00:06:58

Health: -3/48      AC: 12    Str: 18    XL:     6   Next: 72%
Magic:  6/6        EV: 14    Int: 15    God:
Gold:   217        SH: 12    Dex: 17    Spells: 0 memorised, 5 levels left

rFire  . . .     SeeInvis .     a - +0 long sword
rCold  . . .     Clarity  .     b - +0 scale mail
rNeg   . . .     SustAt   .     c - +0 shield
rPois  .         Gourm    .     (no helmet)
rElec  .         Spirit   .     r - +0 cloak
rCorr  .         Warding  .     v - +0 pair of gloves
rMut   .         Stasis   .     t - +0 pair of boots (curse)
MR     .....                    (no amulet)
Stlth  ++++......               (no ring)
                                m - ring of stealth

@: brilliant, agile, lethally poisoned (-3 -> -5), not resistant to hostile
enchantments, stealthy
A: large bone plates 1, nightstalker 1
a: no special abilities


You were on level 4 of the Dungeon.
You were not hungry.

You visited 1 branch of the dungeon, and saw 3 of its levels.

You collected 217 gold pieces.

Inventory:

Hand Weapons
 a - a +0 long sword (weapon)
Armour
 b - a +0 scale mail (worn)
 c - a +0 shield (worn)
 r - a +0 cloak (worn)
 t - a cursed +0 pair of boots (worn)
 v - a +0 pair of gloves (worn)
Jewellery
 m - a ring of stealth (left hand)
 p - an uncursed amulet of stasis {unknown}
Scrolls
 f - a scroll of recharging {unknown}
 k - 4 scrolls of teleportation
 n - 2 scrolls of remove curse {unknown}
 y - a scroll of identify
Potions
 d - 3 potions of might
 h - a potion of agility
 l - a potion of haste {unknown}
 q - a potion of curing {unknown}
 s - a potion of lignification {unknown}
 u - a potion of invisibility {unknown}
 x - a potion of degeneration {unknown}
Books
 w - a book of Battle

   Spells                             Type                      Level
   a - Infusion                       Charms                       1
   b - Shroud of Golubria             Charms/Translocation         2
   c - Song of Slaying                Charms                       2
   d - Spectral Weapon                Hexes/Charms                 3
   e - Regeneration                   Charms/Necromancy            3
Comestibles
 e - 3 bread rations
 j - a slice of pizza
 o - a meat ration
 z - 11 chunks of flesh


   Skills:
 + Level 3.9 Fighting
 + Level 3.1 Long Blades
 + Level 3.9 Armour
 + Level 2.5 Dodging
 + Level 1.2 Stealth
 + Level 4.1 Shields


You had 5 spell levels left.
You didn't know any spells.

Dungeon Overview and Level Annotations

Branches:
Dungeon (4/15)
 Temple: D:4-7

Altars:
Nemelex Xobeh
Qazlal

Shops:
D:4 }


Innate Abilities, Weirdness & Mutations

You are partially covered in large bone plates (AC +2, SH +2).
You are slightly more attuned to the shadows.


Message History

You feel sick.
The worker ant bites you but does no damage.
The worker ant closely misses you.
You hit the worker ant.
The worker ant is almost dead.
You block the worker ant's attack.
You closely miss the worker ant.
The worker ant is almost dead.
You feel sick. You block the worker ant's attack.
The orc priest casts a cantrip, but nothing happens.
The worker ant closely misses you.
You hit the worker ant.
You kill the worker ant!
The orc priest hits you but does no damage.
You hit the orc priest.
The orc priest is moderately wounded.
You feel sick.
The orc priest invokes the aid of Beogh against you.
Something smites you!
You die...

#.# ###.##.###.#.#
#.# #.##.# #.#.#
#.# #.##.# #.#..
####.## #+##..
..### #.....##
#...### ###
#......# #..... ##
#......## ##......
##.
#..>....####.......
####..
###.....W.@oo......
+.....
#.#...####.......
###.. #.##.##
##...... ##. . ###
#..... ## # #...# #
#'## # #.#.# #
#....#######
###...........


You could see a phantom, an orc priest and an orc.

Vanquished Creatures
  A phantom (D:4)
  An ogre (D:4)
  A crimson imp (D:4)
  Ijyb (D:2)
  An orc wizard (D:4)
  Jessica (D:2)
  A worker ant (D:4)
  Terence (D:2)
  5 adders
  An ooze (D:2)
  5 orcs (D:4)
  3 ball pythons
  8 bats
  2 giant cockroaches (D:1)
  7 hobgoblins
  7 jackals
  5 kobolds
  A giant gecko (D:2)
  A giant gecko skeleton (D:4)
  4 giant newts
  7 goblins
  6 rats
70 creatures vanquished.

Notes
Turn   | Place    | Note
--------------------------------------------------------------
     0 | D:1      | gorblad the Demonspawn Fighter began the quest for the Orb.
     0 | D:1      | Reached XP level 1. HP: 18/18 MP: 1/1
   150 | D:1      | Gained mutation: You are partially covered in large bone plates (AC +2, SH +2). [demonic ancestry]
   150 | D:1      | Reached XP level 2. HP: 20/24 MP: 2/2
   414 | D:1      | Found a sparkling altar of Nemelex Xobeh.
   558 | D:1      | Reached XP level 3. HP: 29/29 MP: 3/3
   956 | D:2      | Reached skill level 1 in Dodging
   967 | D:2      | Noticed Terence
   978 | D:2      | Killed Terence
   978 | D:2      | Gained mutation: You are slightly more attuned to the shadows. [demonic ancestry]
   978 | D:2      | Reached XP level 4. HP: 35/35 MP: 4/4
  1045 | D:2      | Noticed Jessica
  1055 | D:2      | Killed Jessica
  1108 | D:2      | Found a stormy altar of Qazlal.
  1109 | D:2      | Noticed an air elemental
  1109 | D:2      | Noticed a fire elemental
  1111 | D:2      | Noticed an earth elemental
  1111 | D:2      | Noticed a water elemental
  1327 | D:2      | Noticed Ijyb
  1339 | D:2      | Killed Ijyb
  1339 | D:2      | Reached XP level 5. HP: 41/41 MP: 5/5
  1828 | D:2      | You fall through a shaft for 2 floors!
  1912 | D:4      | Noticed a phantom
  1974 | D:4      | Killed a phantom
  2174 | D:4      | Reached XP level 6. HP: 34/48 MP: 6/6
  2203 | D:4      | Reached skill level 1 in Stealth
  2471 | D:4      | Noticed an ogre
  2480 | D:4      | Killed an ogre
  2480 | D:4      | Reached skill level 4 in Shields
  2566 | D:4      | Found Mecoxt's Gadget Boutique.
  2694 | D:4      | Noticed a phantom
  2708 | D:4      | HP: 1/48 [orc priest/divine providence (16)]
  2730 | D:4      | Killed from afar by an orc priest

Action                   |  1- 3 |  4- 6 || total
-------------------------+-------+-------++-------
Melee: Long sword        |   119 |   229 ||   348
  Use: Scroll            |     4 |       ||     4
       Potion            |       |     3 ||     3
 Stab: Sleeping          |       |     5 ||     5
  Eat: Chunk             |       |     7 ||     7
